 Dungeon Crawl Stone Soup version 0.30-a0-737-gf23d94013f (webtiles) character file.

Game seed: 10552693136457412226

705 magipi the Cudgeller (level 7, 0/19 (56) HPs)
             Began as a Gnoll Reaver on Feb 1, 2023.
             Was an Initiate of Gozag.
             Slain by a wight
             ... wielding a +0 morningstar
              (1 damage)
             ... on level 6 of the Dungeon.
             The game lasted 00:12:00 (3511 turns).

magipi the Cudgeller (Gnoll Reaver)                 Turns: 3511, Time: 00:12:01

HP:   0/19 (56)     AC:  6    Str: 12    XL:     7   Next: 67%
MP:   15/15         EV: 13    Int: 14    God:    Gozag
Gold: 308           SH:  5    Dex: 10    Spells: 16/17 levels left

rFire   . . .      SeeInvis .    b - +2 dagger (venom)
rCold   . . .      Faith    .    (no shield)
rNeg    . . .      Spirit   .    s - +1 leather armour {Will+}
rPois   .          Reflect  +    (no helmet)
rElec   .          Harm     .    u - +0 cloak {Stlth+}
rCorr   .          Rampage  .    w - +0 pair of gloves
Will    +....                    (no boots)
Stlth   +++                      r - amulet of reflection
HPRegen 0.23/turn                (no ring)
MPRegen 0.14/turn                (no ring)

@: extremely drained
A: fangs 1, strong nose, distributed training
a: Renounce Religion, Potion Petition, Call Merchant, Bribe Branch


You were on level 6 of the Dungeon.
You worshipped Gozag.
Gozag was aware of your devotion.
You visited 2 branches of the dungeon, and saw 7 of its levels.

You collected 366 gold pieces.
You paid 58 gold pieces to Gozag.

Inventory:

Hand Weapons
 a - a +1 whip of pain
   (You found it on level 5 of the Dungeon)
 b - a +2 dagger of venom (weapon)
   (You took it off Dowan on level 5 of the Dungeon)
 i - a +0 war axe
   (You found it on level 1 of the Dungeon)
Missiles
 p - a throwing net
 B - 4 boomerangs (quivered)
Armour
 s - a +1 leather armour of willpower (worn)
   (You found it on level 2 of the Dungeon)
 u - a +0 cloak of stealth (worn)
   (You found it on level 3 of the Dungeon)
 w - a +0 pair of gloves (worn)
   (You found it on level 3 of the Dungeon)
 E - a +2 leather armour of fire resistance
   (You took it off Duvessa on level 5 of the Dungeon)
Jewellery
 r - an amulet of reflection (around neck)
   (You found it on level 3 of the Dungeon)
Wands
 v - a wand of paralysis (12)
   (You found it on level 3 of the Dungeon)
 D - a wand of mindburst (5)
   (You found it on level 4 of the Dungeon)
Scrolls
 c - 5 scrolls of enchant armour {unknown}
 d - a scroll of immolation {unknown}
 e - a scroll of poison {unknown}
 f - 2 scrolls of fog {unknown}
 g - a scroll of brand weapon {unknown}
 h - 2 scrolls of amnesia {unknown}
 k - a scroll of noise {unknown}
 q - a scroll of enchant weapon {unknown}
 y - a scroll of silence {unknown}
 z - 2 scrolls of teleportation {unknown}
 A - 2 scrolls of identify {unknown}
 F - a scroll of acquirement {unknown}
Potions
 j - a potion of might {unknown}
 l - 2 potions of attraction {unknown}
 m - 2 potions of resistance {unknown}
 n - a potion of curing {unknown}
 o - 3 potions of lignification {unknown}
 t - 2 potions of degeneration {unknown}
 x - 3 potions of heal wounds {unknown}
 C - a potion of brilliance {unknown}


   Skills:
 + Level 5.4 Fighting
 + Level 2.7 Short Blades
 + Level 2.7 Long Blades
 + Level 2.7 Axes
 + Level 7.1 Maces & Flails
 + Level 2.7 Polearms
 + Level 2.7 Staves
 + Level 2.7 Ranged Weapons
 + Level 2.7 Throwing
 + Level 2.7 Armour
 + Level 5.4 Dodging
 + Level 2.7 Stealth
 + Level 2.7 Shields
 + Level 2.7 Unarmed Combat
 + Level 5.7 Spellcasting
 + Level 5.9 Conjurations
 + Level 2.2 Hexes
 + Level 2.2 Summonings
 + Level 2.2 Necromancy
 + Level 2.2 Translocations
 + Level 2.2 Transmutations
 + Level 2.2 Fire Magic
 + Level 2.2 Ice Magic
 + Level 2.2 Air Magic
 + Level 2.2 Earth Magic
 + Level 2.2 Poison Magic
 + Level 3.0 Invocations
 + Level 2.7 Evocations


You had 16 spell levels left.
You knew the following spells:

 Your Spells              Type           Power      Damage    Failure   Level
a - Kiss of Death         Conj/Necr      60%        2d10      3%          1

Your spell library contained the following spells:

 Spells                   Type           Power      Damage    Failure   Level
 Momentum Strike          Conj/Tloc      30%        3d8       6%          2
 Hailstorm                Conj/Ice       15%        3d5       12%         3


Dungeon Overview and Level Annotations

Branches:
Dungeon (6/15)             Temple (1/1) D:4

Altars:
Ashenzari
Cheibriados
Elyvilon
Fedhas
Gozag
Hepliaklqana
Kikubaaqudgha
Makhleb
Nemelex Xobeh
Okawaru
Qazlal
Ru
Sif Muna
Trog
Uskayaw
Vehumet
Wu Jian
Xom
Yredelemnul
The Shining One


Innate Abilities, Weirdness & Mutations

You have very sharp teeth.
Your uncanny sense of smell can sniff out nearby items.
Your experience applies equally to all skills.


Message History

Magic restored.
You start resting.
HP restored.
You now have 280 gold pieces (gained 17).
You see here a +0 giant club.
You now have 293 gold pieces (gained 13).
The jelly quivers.
Unknown command.
Throw: 4 boomerangs
Press: ? - help, Q - select action, (/) - cycle Shift-Dir - straight line, f - jelly
Aim: a jelly (89% to hit)
You throw a boomerang. The boomerang hits the jelly!
The jelly is heavily wounded.
Unknown command.
Throw: 4 boomerangs
Press: ? - help, Q - select action, (/) - cycle Shift-Dir - straight line, f/p - jelly
Aim: a jelly (heavily wounded, 89% to hit)
You throw a boomerang. The boomerang hits the jelly.
The jelly is heavily wounded.
Unknown command.
Throw: 4 boomerangs
Press: ? - help, Q - select action, (/) - cycle Shift-Dir - straight line, f/p - jelly
Aim: a jelly (heavily wounded, 89% to hit)
You throw a boomerang. The boomerang hits the jelly!
You kill the jelly!
Unknown command.
Throw: 4 boomerangs
Press: ? - help, Q - select action, (/) - cycle Shift-Dir - straight line, f - you Really target yourself? [Y]es or [N]o only, please.
Really target yourself?
Okay, then.
You see here a +0 giant club.
You now have 299 gold pieces (gained 6).
You see here a +0 giant club.
Found 3 poisoned darts.
Unknown command.
Found a long sword.
You see here 3 poisoned darts.
You see here a +0 long sword.
You see here 3 stones.
You see here 3 stones.
You see here a +0 mace.
You see here 8 stones.
Done exploring.
Unknown command.
(D) Dungeon (T) Temple
Where to? (Enter - D:4, ? - help)
What level of the Dungeon? (default 1, ? - help) You're already here!
(D) Dungeon (T) Temple
Where to? (Enter - D:5, ? - help)
What level of the Dungeon? (default 1, ? - help)
There is a stone staircase leading down here.
You climb downwards.
There is a stone staircase leading up here.
Found 9 gold pieces.
You now have 308 gold pieces (gained 9).
You open the door.
A hound and a wight come into view.
Found a stone staircase leading down.
An orc comes into view. It is wielding a +0 club.
There is an open door here.
The helpless wight fails to defend itself.
You puncture the wight!
The wight is heavily damaged.
The orc shouts!
The hound attacks as you move away! The hound bites you.
The hound barely misses you.
There is an open door here.
The wight attacks as you move away!
The wight hits you with a +0 morningstar!
You feel drained.
Your +2 dagger of venom stops dripping with poison.
Pain shudders through your arm!
a - a +1 whip of pain (weapon)
The wight barely misses you.
Your +2 dagger of venom begins to drip with poison!
b - a +2 dagger of venom (weapon)
Okay, then.
Unknown command.
Unknown command.
Okay, then.
Unknown command.
Unknown command.
Okay, then.
Unknown command.
Unknown command.
Okay, then.
Unknown command.
Unknown command.
Unknown command.
The wight attacks as you move away! The wight hits you but does no damage.
The wight attacks as you move away! The wight misses you.
The wight attacks as you move away!
The wight hits you with a +0 morningstar!
* * * LOW HITPOINT WARNING * * *
You feel drained.
You die...
Your body crumbles into a pile of gold.

#......#
###.##.# #
#.##.##.#
#.......#
####o####
#.# #h# #z#
#####@#
#...#.#
#.....#
#...###
##.## #.#
#.# # #.#
#.###.###.#


You could see a hound, a wight and an orc.

Vanquished Creatures
  Duvessa (D:5)
  A black bear (D:4)
  An ice beast (D:4)
  2 ogres
  Dowan (D:5)
  A howler monkey (D:4)
  A hound (D:5)
  A jelly (D:5)
  4 adders
  3 worms
  3 dart slugs
  An orc (D:5)
  4 ball pythons
  5 bats
  2 endoplasms
  2 giant cockroaches
  6 hobgoblins
  2 jackals (D:2)
  2 quokkas
  A frilled lizard (D:1)
  5 goblins
  2 kobolds (D:2)
  10 rats
61 creatures vanquished.

Vanquished Creatures (others)
  A plant (D:1)
1 creature vanquished.

Grand Total: 62 creatures vanquished

Notes
Turn   | Place    | Note
-------+----------+-------------------------------------------
     0 | D:1      | magipi the Gnoll Reaver began the quest for the Orb.
     0 | D:1      | Reached XP level 1. HP: 20/20 MP: 6/6
   309 | D:1      | Reached XP level 2. HP: 26/26 MP: 7/7
   917 | D:2      | Reached skill level 5 in Spellcasting
   917 | D:2      | Reached XP level 3. HP: 29/29 MP: 7/9
  1172 | D:2      | Reached skill level 1 in Invocations
  1405 | D:3      | Reached skill level 1 in Short Blades
  1405 | D:3      | Reached skill level 1 in Long Blades
  1405 | D:3      | Reached skill level 1 in Axes
  1405 | D:3      | Reached skill level 1 in Polearms
  1405 | D:3      | Reached skill level 1 in Staves
  1405 | D:3      | Reached skill level 1 in Ranged Weapons
  1405 | D:3      | Reached skill level 1 in Throwing
  1405 | D:3      | Reached skill level 1 in Armour
  1405 | D:3      | Reached skill level 1 in Stealth
  1405 | D:3      | Reached skill level 1 in Shields
  1405 | D:3      | Reached skill level 1 in Unarmed Combat
  1405 | D:3      | Reached skill level 1 in Evocations
  1447 | D:3      | Found a snail-covered altar of Cheibriados.
  1775 | D:3      | Found a shimmering blue altar of Sif Muna.
  1856 | D:3      | Reached XP level 4. HP: 24/24 MP: 11/11
  2054 | D:4      | Found a staircase to the Ecumenical Temple.
  2054 | D:4      | Noticed an ogre
  2117 | D:4      | Noticed a black bear
  2126 | D:4      | Killed a black bear
  2127 | D:4      | Reached skill level 1 in Hexes
  2127 | D:4      | Reached skill level 1 in Summonings
  2127 | D:4      | Reached skill level 1 in Necromancy
  2127 | D:4      | Reached skill level 1 in Translocations
  2127 | D:4      | Reached skill level 1 in Transmutations
  2127 | D:4      | Reached skill level 1 in Fire Magic
  2127 | D:4      | Reached skill level 1 in Ice Magic
  2127 | D:4      | Reached skill level 1 in Air Magic
  2127 | D:4      | Reached skill level 1 in Earth Magic
  2127 | D:4      | Reached skill level 1 in Poison Magic
  2127 | D:4      | Reached XP level 5. HP: 7/38 MP: 8/12
  2286 | D:4      | Found a stormy altar of Qazlal.
  2358 | D:4      | Killed an ogre
  2359 | D:4      | Reached skill level 5 in Fighting
  2359 | D:4      | Reached skill level 5 in Dodging
  2359 | D:4      | Reached XP level 6. HP: 39/49 MP: 14/14
  2528 | Temple   | Entered the Ecumenical Temple
  2538 | Temple   | Became a worshipper of Gozag Ym Sagoz the Greedy
  2560 | D:4      | Noticed an ice beast
  2565 | D:4      | Killed an ice beast
  2708 | D:5      | Entered Level 5 of the Dungeon
  2777 | D:5      | Noticed Dowan
  2784 | D:5      | Noticed Duvessa
  2795 | D:5      | Killed Duvessa
  2796 | D:5      | Reached skill level 7 in Maces & Flails
  2796 | D:5      | Reached XP level 7. HP: 7/36 MP: 11/15
  2910 | D:5      | Killed Dowan
  3511 | D:6      | HP: 1/21 [wight/+0 morningstar (8)]
  3511 | D:6      | Slain by a wight

Illustrated notes

Levels and vault maps discovered:
D:1:      denvon_arrival_planthouse, layout_loops_ring,
          chequers_serial_rivers_micro_d
D:2:      wander_river, layout_basic
D:3:      layout_basic, mainiacjoe_overflow_paths, slow_altar_1, st_stairs_14,
          dk_noncrumbling_2
D:4:      layout_cave_pools, mainiacjoe_overflow_small_starburst,
          minmay_temple_entry_slanted
D:5:      layout_rooms, uniq_duvessa
D:6:      layout_loops_cross, kennysheep_small_square
Temple:   sentei_temple_godly_chess

Skill      XL: |  1  2  3  4  5  6  7 |
---------------+----------------------+-----
Spellcasting   | 5 |  5.7
Invocations    | 1 2 3 |  3.0
Short Blades   | 1 2 |  2.7
Long Blades    | 1 2 |  2.7
Axes           | 1 2 |  2.7
Polearms       | 1 2 |  2.7
Staves         | 1 2 |  2.7
Ranged Weapons | 1 2 |  2.7
Throwing       | 1 2 |  2.7
Armour         | 1 2 |  2.7
Stealth        | 1 2 |  2.7
Shields        | 1 2 |  2.7
Unarmed Combat | 1 2 |  2.7
Evocations     | 1 2 |  2.7
Hexes          | 1 2 |  2.2
Summonings     | 1 2 |  2.2
Necromancy     | 1 2 |  2.2
Translocations | 1 2 |  2.2
Transmutations | 1 2 |  2.2
Fire Magic     | 1 2 |  2.2
Ice Magic      | 1 2 |  2.2
Air Magic      | 1 2 |  2.2
Earth Magic    | 1 2 |  2.2
Poison Magic   | 1 2 |  2.2
Fighting       | 5 |  5.4
Dodging        | 5 |  5.4
Maces & Flails | 7 |  7.1
Conjurations   | |  5.9

Action                     |  1- 3 |  4- 6 |  7- 9 || total
---------------------------+-------+-------+-------++-------
  Melee: Mace              |   106 |    32 |       ||   138
         Bite              |     9 |     6 |       ||    15
         Dagger            |    13 |    10 |     6 ||    29
         Punch             |       |     1 |       ||     1
  Throw: Boomerang         |       |     3 |     3 ||     6
   Cast: Kiss of Death     |     4 |     9 |     4 ||    17
  Evoke: Wand              |       |     1 |       ||     1
   Stab: Sleeping          |     3 |     7 |     3 ||    13
         Paralysed         |       |     3 |       ||     3
 Armour: Leather armour    |    23 |    14 |     5 ||    42
  Dodge: Dodged            |    62 |    15 |     5 ||    82
  Block: Other             |    12 |     7 |     1 ||    20
         Reflection        |       |       |     1 ||     1

Table legend: (Time is in decaauts)
 A = Elapsed time spent in this place.
 B = Non-inter-level travel time spent in this place.
 C = Inter-level travel time spent in this place.
 D = Time resting spent in this place.
 E = Time spent auto-exploring this place.
 F = Levels seen in this place.
 G = Mean time per level.
                   A        B        C        D        E       F      G
               +--------+--------+--------+--------+--------+-----+--------+
         Total |   3515 |   3264 |    251 |    267 |   1267 |   7 |  502.1 |
       Dungeon |   3500 |   3249 |    251 |    267 |   1267 |   6 |  583.3 |
        Temple |     14 |     14 |      0 |      0 |      0 |   1 |   14.0 |
               +--------+--------+--------+--------+--------+-----+--------+

Top non-repeatable levels by time:
     D:3: 978 daAuts
     D:5: 683 daAuts
     D:2: 655 daAuts
     D:1: 654 daAuts
     D:4: 493 daAuts
     D:6: 35 daAuts
  Temple: 14 daAuts
